 Dungeon Crawl Stone Soup version 0.17.0-15-g6d90897 (webtiles) character file.

266 Medar the Conjurer (level 5, 0/40 HPs)
             Began as a Demigod Conjurer on Nov 10, 2015.
             Slain by a river rat (10 damage)
             ... in a sewer.
             The game lasted 00:11:52 (2925 turns).

Medar the Conjurer (Demigod Conjurer)               Turns: 2925, Time: 00:11:52

Health: 0/40       AC:  2    Str: 16    XL:     5   Next: 67%
Magic:  0/10       EV: 12    Int: 21    God:
Gold:   58         SH:  0    Dex: 16    Spells: 3 memorised, 2 levels left

rFire  . . .     SeeInvis .     a - +4 short sword
rCold  . . .     Clarity  .     g - +0 robe
rNeg   . . .     SustAt   +     (no shield)
rPois  .         Gourm    .     (no helmet)
rElec  .         Spirit   .     (no cloak)
rCorr  .         Warding  .     (no gloves)
rMut   .         Stasis   .     (no boots)
MR     .....                    (no amulet)
Stlth  ++........               (no ring)
                                (no ring)

@: mighty, not resistant to hostile enchantments, unstealthy
A: high mp 1, sustain attributes
a: no special abilities


You were in a sewer.
You were not hungry.

You visited 1 branch of the dungeon, and saw 3 of its levels.
You also visited: Sewer.

You collected 58 gold pieces.

Inventory:

Hand Weapons
 a - a +4 short sword (weapon)
 n - a +2 whip of pain
Missiles
 r - 8 needles of sleeping
Armour
 e - a +0 leather armour
 g - a +0 robe (worn)
 h - a +0 ring mail
Jewellery
 u - an uncursed amulet of the gourmand {unknown}
Scrolls
 j - a scroll of fear {unknown}
 k - a scroll of blinking {unknown}
 l - a scroll of fog {unknown}
 o - a scroll of magic mapping {unknown}
Potions
 m - a potion of poison
 p - a potion of magic {unknown}
 q - a potion of resistance {unknown}
Books
 b - a book of Conjurations

   Spells                             Type                      Level
   a - Magic Dart                     Conjuration                  1
   b - Searing Ray                    Conjuration                  2
   c - Dazzling Spray                 Conjuration/Hexes            3
   d - Fulminant Prism                Conjuration/Hexes            4
   e - Iskenderun's Mystic Blast      Conjuration                  4
   f - Iskenderun's Battlesphere      Conjuration/Charms           5
Comestibles
 c - a bread ration {@e1}
 d - a meat ration {@e2}


   Skills:
 - Level 1.0 Fighting
 - Level 2.4 Short Blades
 - Level 1.7 Dodging
 - Level 1.7 Stealth
 - Level 2.0 Spellcasting
 + Level 4.7 Conjurations
 - Level 3.0 Hexes


You had 2 spell levels left.
You knew the following spells:

 Your Spells              Type           Power        Failure   Level  Hunger
c - Searing Ray           Conj           ###...       3%          2    ##.....
s - Dazzling Spray        Conj/Hex       ###.....     12%         3    ###....
x - Magic Dart            Conj           ###.         1%          1    #......


Dungeon Overview and Level Annotations

Branches:
Dungeon (3/15)


Innate Abilities, Weirdness & Mutations

You have an increased reservoir of magic (+10% MP).
Your attributes are resistant to harm.


Message History

The river rat barely misses you.
Your magical contamination has completely faded away.
You closely miss the river rat.
The river rat is heavily wounded.
The river rat bites you.
You hit the river rat but do no damage.
The river rat is heavily wounded.
The river rat barely misses you.
You hit the river rat.
The river rat is severely wounded.
The river rat bites you.
You hit the river rat but do no damage.
The river rat is severely wounded.
The river rat bites you!
* * * LOW HITPOINT WARNING * * *
Drink which item? (? for menu, Esc to quit)
It was a potion of might.
You feel very mighty all of a sudden. The river rat bites you!
You die...

..##### ..##..# ...'..#
...####
....#####################
.....≈≈≈≈≈≈≈≈≈≈.≈≈≈≈≈≈..###
.....≈≈≈≈≈≈≈≈≈..≈≈≈≈≈≈≈...##
......≈≈≈≈≈≈≈...≈≈≈%≈≈≈.†..#
#.÷..≈≈≈≈≈≈≈≈≈..@r≈≈≈†≈.....
##...≈≈≈≈≈≈≈≈≈≈≈≈≈≈≈≈≈≈.....
###.≈≈≈≈≈≈≈≈≈≈≈≈≈≈≈≈≈≈.....
#####################†...
#... ... ..


You could see a river rat.

Vanquished Creatures
  The ghost of SKei0 the Ruffian, an amateur VSMo (Sewer)
  4 river rats (Sewer)
  6 adders
  2 oozes
  A worm (D:2)
  2 giant geckos
  5 ball pythons (Sewer)
  7 bats
  A giant cockroach (D:2)
  7 hobgoblins
  2 jackals (D:3)
  4 kobolds
  A quokka (D:2)
  3 giant newts
  7 goblins
  21 rats
74 creatures vanquished.

Notes
Turn   | Place    | Note
--------------------------------------------------------------
     0 | D:1      | Medar the Demigod Conjurer began the quest for the Orb.
     0 | D:1      | Reached XP level 1. HP: 14/14 MP: 5/5
   286 | D:1      | Reached XP level 2. HP: 20/20 MP: 2/7
   359 | D:1      | Reached skill level 4 in Conjurations
   363 | D:1      | Learned a level 2 spell: Searing Ray
  1006 | D:2      | Reached XP level 3. HP: 26/26 MP: 5/8
  1066 | D:2      | Reached skill level 1 in Short Blades
  1681 | D:2      | Found a bloodstained altar of Trog.
  1888 | D:3      | Found a glowing drain.
  1896 | Sewer    | Entered a sewer
  1951 | Sewer    | Reached XP level 4. HP: 34/34 MP: 1/9
  2150 | Sewer    | Reached skill level 1 in Fighting
  2155 | Sewer    | Learned a level 3 spell: Dazzling Spray
  2211 | Sewer    | Reached skill level 1 in Hexes
  2245 | Sewer    | Noticed SKei0's ghost (amateur VSMo)
  2324 | Sewer    | Killed SKei0's ghost
  2324 | Sewer    | Reached XP level 5. HP: 17/40 MP: 7/10
  2925 | Sewer    | Slain by a river rat

Action                   |  1- 3 |  4- 6 || total
-------------------------+-------+-------++-------
Melee: Short sword       |     5 |    30 ||    35
 Cast: Magic Dart        |    74 |    43 ||   117
       Searing Ray       |     4 |     7 ||    11
       Dazzling Spray    |       |     1 ||     1
  Use: Potion            |     3 |     3 ||     6
       Scroll            |       |     5 ||     5
  Eat: Chunk             |     4 |     4 ||     8
